 Dungeon Crawl Stone Soup version 0.17.1-3-g152610e (webtiles) character file.

319 buf2 the Bolt Thrower (level 6, -10/41 HPs)
             Began as a High Elf Hunter on Apr 22, 2016.
             Killed by divine providence
             ... invoked by an orc priest
              (11 damage)
             ... on level 4 of the Dungeon on Apr 25, 2016.
             The game lasted 00:36:26 (4844 turns).

buf2 the Bolt Thrower (High Elf Hunter)             Turns: 4844, Time: 00:36:26

Health: -10/41     AC:  4    Str: 12    XL:     6   Next: 21%
Magic:  7/7        EV: 13    Int: 17    God:
Gold:   175        SH:  0    Dex: 15    Spells: 0 memorised, 5 levels left

rFire  . . .     SeeInvis .     b - +0 short sword
rCold  . . .     Clarity  .     c - +1 leather armour
rNeg   . . .     SustAt   .     (no shield)
rPois  .         Gourm    .     (no helmet)
rElec  .         Spirit   .     (no cloak)
rCorr  .         Warding  .     (no gloves)
rMut   .         Stasis   .     (no boots)
MR     .....                    (no amulet)
Stlth  ++........               (no ring)
                                (no ring)

@: lethally poisoned (-10 -> -11), not resistant to hostile enchantments,
unstealthy
A: no striking features
a: no special abilities


You were on level 4 of the Dungeon.
You were very full.

You visited 1 branch of the dungeon, and saw 4 of its levels.

You collected 175 gold pieces.

Inventory:

Hand Weapons
 a - a +1 hand crossbow
 b - a +0 short sword (weapon)
 g - a +0 whip
 j - a +0 flail
 n - a +0 trident
 p - a +0 flail
 r - a +0 scimitar
 z - a +0 falchion of electrocution
Missiles
 d - 2 bolts
 f - 27 sling bullets
 q - 12 steel bolts
 t - 17 arrows
 u - 89 stones (quivered)
Armour
 c - a +1 leather armour (worn)
 h - a +0 scale mail
 l - a +0 ring mail
 s - a +0 scale mail
 v - a +0 scale mail
 x - a cursed -2 robe
Scrolls
 m - 3 scrolls of amnesia
 w - a scroll of identify
Potions
 o - 2 potions of brilliance
Comestibles
 e - 3 bread rations
 i - 2 beef jerkies


   Skills:
 + Level 2.6 Fighting
 + Level 1.6 Short Blades
 + Level 5.6 Crossbows
 + Level 0.8 Throwing
 + Level 2.2 Armour
 + Level 3.7 Dodging
 + Level 1.6 Stealth


You had 5 spell levels left.
You didn't know any spells.

Dungeon Overview and Level Annotations

Branches:
Dungeon (4/15)
 Temple: D:4-7

Altars:
Elyvilon
Fedhas
Kikubaaqudgha
Trog

Annotations:
D:4 kaze's ghost, amateur DsFi


Message History

* * * LOW HITPOINT WARNING * * *
You feel sick.
An orc comes into view. It is wielding a whip of draining.
* * * LOW HITPOINT WARNING * * *
You feel sick.
The orc shouts!
* * * LOW HITPOINT WARNING * * *
You feel sick.
An orc comes into view. It is wielding a trident.
* * * LOW HITPOINT WARNING * * *
You feel sick.
The orc shouts!
An orc and an orc priest come into view.
The orc moves out of view.
The orc priest moves out of view.
The orc barely misses you.
* * * LOW HITPOINT WARNING * * *
You feel sick.
The orc priest mumbles some strange prayers to Beogh against you.
Something smites you!
You die...

#.. ...# .....+ #### # #.. .#
###.... #.######.##.# ......
...........#######. ....##
.............o..... .####
........@.....##......... <##
.....>.#................. ..#
.......#...o...## #o#...# #.##
.......##.....## #.#>#.. #..#
........##..o.#####...... ##.#
##........##............# #.#
###..........##...####....#
#.###...######....##..........##
#........>.........##.##......#.


You could see an orc priest and 2 orcs.

Vanquished Creatures
  Blork the orc (D:4)
  A giant frog skeleton (D:4)
  An orc priest (D:3)
  Jessica (D:3)
  Terence (D:3)
  5 adders
  2 worms (D:2)
  4 giant geckos
  11 orcs
  5 bats
  3 giant cockroaches
  10 goblins
  9 hobgoblins
  A ball python (D:3)
  4 giant newts
  14 kobolds
  8 rats
81 creatures vanquished.

Notes
Turn   | Place    | Note
--------------------------------------------------------------
     0 | D:1      | buf2 the High Elf Hunter began the quest for the Orb.
     0 | D:1      | Reached XP level 1. HP: 14/14 MP: 2/2
   387 | D:1      | Reached XP level 2. HP: 19/19 MP: 3/3
   997 | D:1      | Reached XP level 3. HP: 24/24 MP: 4/4
  1270 | D:2      | Found a bloodstained altar of Trog.
  1382 | D:2      | Found an ancient bone altar of Kikubaaqudgha.
  2430 | D:2      | Reached skill level 1 in Short Blades
  2430 | D:2      | Reached XP level 4. HP: 6/29 MP: 5/5
  2809 | D:3      | HP: 1/29 [poisoned by an adder]
  3302 | D:3      | Reached skill level 5 in Crossbows
  3357 | D:3      | Reached skill level 1 in Armour
  3592 | D:3      | Reached XP level 5. HP: 35/35 MP: 6/6
  3597 | D:3      | Found a white marble altar of Elyvilon.
  3727 | D:3      | Found a blossoming altar of Fedhas.
  3832 | D:3      | Noticed Terence
  3964 | D:3      | Killed Terence
  4011 | D:3      | Noticed Jessica
  4040 | D:3      | Killed Jessica
  4282 | D:4      | Noticed kaze's ghost (amateur DsFi)
  4427 | D:4      | Noticed Blork the orc
  4473 | D:4      | Killed Blork the orc
  4473 | D:4      | Reached XP level 6. HP: 31/41 MP: 7/7
  4833 | D:4      | HP: 2/41 [poisoned by an orc wizard]
  4840 | D:4      | HP: 1/41 [poisoned by an orc wizard]
  4844 | D:4      | Killed from afar by an orc priest

Action                   |  1- 3 |  4- 6 || total
-------------------------+-------+-------++-------
Melee: Short sword       |    94 |   140 ||   234
 Fire: Hand crossbow     |    62 |    49 ||   111
Throw: Stone             |    12 |     2 ||    14
       Tomahawk          |     3 |     3 ||     6
  Use: Potion            |     7 |       ||     7
       Scroll            |     5 |     4 ||     9
  Eat: Chunk             |     3 |     6 ||     9
       Pizza             |     1 |       ||     1
       Meat ration       |       |     2 ||     2
